 Dungeon Crawl Stone Soup version 0.30-a0-394-g3e4acdb0ae (webtiles) character file.

Game seed: 14464886415770617255

410 Essalna the Trooper (level 7, -3/53 HPs)
             Began as a Djinni Venom Mage on Dec 6, 2022.
             Slain by an ice beast (14 damage)
             ... on level 6 of the Dungeon.
             The game lasted 00:06:03 (2474 turns).

Essalna the Trooper (Djinni Venom Mage)             Turns: 2474, Time: 00:06:04

Health: -3/53      AC:  2    Str:  7    XL:     7   Next: 13%
Gold:   122        EV: 12    Int: 25    God:
                   SH:  0    Dex: 13

rFire   + + +      SeeInvis .    c - staff of poison
rCold   x x .      Faith    .    (no shield)
rNeg    . . .      Spirit   .    a - +0 robe
rPois   ∞          Reflect  .    (no helmet)
rElec   .          Harm     +    (no cloak)
rCorr   .          Rampage  .    (no gloves)
Will    .....                    (boots unavailable)
Stlth   ++........               j - amulet "Omouheun" {RegenMP Harm rF+ rC- Int+6}
HPRegen 0.28/turn                (no ring)
MPRegen 0.00/turn                (no ring)

@: flying
A: sickness immunity, fire resistance 2, cold vulnerability 1, float, innate
caster, HP casting, extra vitality 1
a: no special abilities


You were on level 6 of the Dungeon.
You visited 1 branch of the dungeon, and saw 5 of its levels.

You collected 122 gold pieces.

Inventory:

Armour
 a - a +0 robe (worn)
 i - a +2 cloak
Magical Staves
 c - a staff of poison (weapon)
Jewellery
 g - a ring of positive energy
 j - the amulet "Omouheun" (around neck) {RegenMP Harm rF+ rC- Int+6}
   (You found it on level 3 of the Dungeon)

   [amulet of magic regeneration]

   It increases your rate of magic regeneration.
   Int:       It affects your intelligence (+6).
   rF:        It protects you from fire.
   rC:        It makes you vulnerable to cold.
   Harm:      It increases damage dealt and taken.
Potions
 b - a potion of curing
 d - a potion of ambrosia {unknown}
 e - a potion of might {unknown}
 f - a potion of attraction {unknown}
 h - a potion of degeneration {unknown}


   Skills:
 + Level 4.6 Fighting
 - Level 2.1 Dodging
 - Level 1.5 Stealth
 + Level 4.4 Spellcasting


You couldn't memorise any spells.
You knew the following spells:

 Your Spells              Type           Power      Damage    Failure   Level
a - Sting                 Tmut/Pois      100%       1d8       1%          1
b - Poisonous Vapours     Pois/Air       82%        N/A       2%          2
c - Mephitic Cloud        Conj/Pois/Air  41%        N/A       4%          3
d - Olgreb's Toxic Radia  Pois           41%        N/A       14%         4
e - Shock                 Conj/Air       100%       1d9       1%          1
f - Passwall              Tmut/Erth      22%        N/A       2%          2
g - Ignite Poison         Fire/Tmut/Pois 41%        N/A       4%          3
Your spell library was empty.

Dungeon Overview and Level Annotations

Branches:
Dungeon (4/15)
 Temple: D:4-7

Altars:
Xom

Annotations:
D:3 Grinder


Innate Abilities, Weirdness & Mutations

You are immune to sickness and miasma.
You are immune to poison.
Your flesh is very heat resistant. (rF++)
You are vulnerable to cold. (rC-)
You float through the air rather than walking.
You learn spells naturally, not from books.
Your magical power is your life essence.
You have superior vitality. (+4 MHP)


Message History

The gnoll bouda is poisoned.
The gnoll is poisoned. x2; The hound is poisoned.
The black bear is poisoned.
The gnoll bouda looks even sicker.
The gnoll looks even sicker. x2
An ufetubus comes into view.
The black bear bites you. The black bear closely misses you.
The black bear claws you but does no damage.
A gnoll comes into view. It is wielding a +0 club.
The hound barely misses you.
The gnoll bouda barks out a call to the hunt!
The gnolls pick up the pace!
The ufetubus shouts!
The ufetubus is poisoned.
The gnoll is poisoned.
The gnoll looks even sicker.
The hound looks even sicker.
The black bear looks even sicker.
The hound barely misses you. The black bear barely misses you. x2
The black bear claws you.
* * * LOW HITPOINT WARNING * * *
The gnoll bouda looks even sicker.
The black bear looks even sicker.
You kill the gnoll bouda!
You kill the gnoll!
The hound bites you.
* * * LOW HITPOINT WARNING * * *
The ice beast hits you but does no damage.
The hound barely misses you. The black bear bites you.
* * * LOW HITPOINT WARNING * * *
The black bear claws you.
* * * LOW HITPOINT WARNING * * *
The black bear closely misses you.
A gnoll comes into view. It is wielding a +0 spear.
You feel better.
You kill the ufetubus!
The gnoll is poisoned.
You kill the gnoll!
The hound looks even sicker.
The black bear looks as sick as possible!
Your toxic aura wanes.
The hound bites you.
* * * LOW HITPOINT WARNING * * *
The black bear goes berserk!
The ice beast hits you.
* * * LOW HITPOINT WARNING * * *
The ice beast freezes you!
You feel a terrible chill!
You die...

..... ..... #.
... #.....
#.##.# #.##.#
#.##h#######.
#.#.@Y.)..... g
#.#.#h)##### #..
#...#..[####g.
#.#####g#...
#...#...#.#
..........#..#g#
.....####...##.#
.... ####.#.#
... ..#


You could see a black bear (berserk, extremely poisoned), an ice beast, a hound
(very poisoned) and 2 gnolls.

Vanquished Creatures
  Sigmund (D:2)
  An ogre (D:4)
  A gnoll bouda (D:6)
  Natasha (D:3)
  2 gnolls (D:6)
  4 adders (D:2)
  An ufetubus (D:6)
  4 worms
  4 ball pythons
  8 endoplasms
  A giant cockroach (D:2)
  A goblin (D:3)
  3 hobgoblins
  11 jackals
  4 kobolds
  4 bats
  8 frilled lizards
  3 rats
62 creatures vanquished.

Notes
Turn   | Place    | Note
-------+----------+-------------------------------------------
     0 | D:1      | Essalna the Djinni Venom Mage began the quest for the Orb.
     0 | D:1      | Essalna set off with the following spells memorised: Sting,
                  | Poisonous Vapours, Mephitic Cloud, Olgreb's Toxic Radiance.
     0 | D:1      | Reached XP level 1. HP: 15/15 MP: 0/0
   257 | D:1      | Reached XP level 2. HP: 20/22 MP: 0/0
   315 | D:1      | Reached skill level 1 in Fighting
  1000 | D:2      | Reached XP level 3. HP: 22/28 MP: 0/0
  1000 | D:2      | Learned a level 1 spell: Shock
  1174 | D:2      | Reached XP level 4. HP: 17/33 MP: 0/0
  1629 | D:2      | Noticed Sigmund
  1641 | D:2      | Killed Sigmund
  1642 | D:2      | Reached XP level 5. HP: 9/41 MP: 0/0
  1642 | D:2      | Learned a level 2 spell: Passwall
  1642 | D:2      | Reached XP level 6. HP: 11/47 MP: 0/0
  1802 | D:3      | Noticed Grinder
  1866 | D:3      | Found a shimmering altar of Xom.
  1891 | D:3      | Identified the amulet "Omouheun" {RegenMP Harm rF+ rC-
                  | Int+6}
  2124 | D:3      | Paralysed by Grinder for 3 turns
  2127 | D:3      | Noticed Natasha
  2138 | D:3      | Killed Natasha
  2308 | D:4      | Noticed an ogre
  2319 | D:4      | Killed an ogre
  2320 | D:4      | Reached XP level 7. HP: 28/53 MP: 0/0
  2320 | D:4      | Learned a level 3 spell: Ignite Poison
  2451 | D:4      | You are sucked into a shaft and drop 2 floors!
  2474 | D:6      | Slain by an ice beast

Illustrated notes

Levels and vault maps discovered:
D:1:      lightli_molten_gateway, layout_basic, minmay_lizard_pond
D:2:      layout_rooms, serial_rivers, chequers_serial_rivers_room_a,
          chequers_serial_rivers_small_3, chequers_serial_rivers_micro_c,
          chequers_serial_rivers_marsh, chequers_serial_rivers_micro_a,
          kennysheep_nub, uniq_sigmund
D:3:      wad_river_or_something, layout_basic,
          mainiacjoe_overflow_tiny_flanked, uniq_natasha, uniq_grinder
D:4:      layout_loops_ring, biasface_ghost_orc_armoury
D:6:      layout_loops_ring, minmay_joined_circles, uniq_crazy_yiuf_cottage

Skill      XL: |  1  2  3  4  5  6 |
---------------+-------------------+-----
Fighting       | 1 2 3 4 |  4.6
Spellcasting   | 3 4 |  4.4
Dodging        | |  2.1
Stealth        | |  1.5

Action                   |  1- 3 |  4- 6 |  7- 9 || total
-------------------------+-------+-------+-------++-------
 Cast: Sting             |    57 |    75 |     3 ||   135
       Poisonous Vapours |       |     8 |       ||     8
       Olgreb's Toxic Ra |       |     1 |     1 ||     2
  Use: Scroll            |     2 |     4 |     1 ||     7
       Potion            |       |       |     1 ||     1
Armor: Robe              |     7 |    11 |     3 ||    21
Dodge: Dodged            |    26 |    28 |    11 ||    65

Table legend: (Time is in decaauts)
 A = Elapsed time spent in this place.
 B = Non-inter-level travel time spent in this place.
 C = Inter-level travel time spent in this place.
 D = Time resting spent in this place.
 E = Time spent auto-exploring this place.
 F = Levels seen in this place.
 G = Mean time per level.
                   A        B        C        D        E       F      G
               +--------+--------+--------+--------+--------+-----+--------+
         Total |   2472 |   2348 |    124 |    194 |   1773 |   5 |  494.4 |
       Dungeon |   2472 |   2348 |    124 |    194 |   1773 |   5 |  494.4 |
               +--------+--------+--------+--------+--------+-----+--------+

Top non-repeatable levels by time:
     D:1: 1108 daAuts
     D:2: 701 daAuts
     D:3: 371 daAuts
     D:4: 269 daAuts
     D:6: 22 daAuts
